TOP OF THE 1ST |
Indianapolis Indians batting - Pitching for Gwinnett Braves : RHP Ryan DeMille
|
Pitching: RHP Ryan DeMille
|
|
Batting: LHB Alberto Figueroa
|
0-0: Ground out 6-3 (Groundball, 4MS, EV 89.4 MPH)
|
Batting: RHB Bubba Tierney
|
0-0: Called Strike 0-1: Ball 1-1: Swinging Strike 1-2: Ball 2-2: Strikes out swinging
|
Batting: LHB Edwin Aguilar
|
0-0: Foul Ball, location: 2F 0-1: Swinging Strike 0-2: Fly out, F7 (Flyball, 78M, EV 91.2 MPH)
|
Top of the 1st over - 0 runs, 0 hits, 0 errors, 0 left on base; Indianapolis 0 - Gwinnett 0 |
BOTTOM OF THE 1ST |
Gwinnett Braves batting - Pitching for Indianapolis Indians : RHP Walt Quinn
|
Pitching: RHP Walt Quinn
|
|
Batting: RHB Jeremy Giesler
|
0-0: Ball 1-0: Called Strike 1-1: Called Strike 1-2: SOLO HOME RUN (Flyball, 89XD, EV 106.9 MPH), Distance : 408 ft
|
Batting: RHB Alex Munoz
|
0-0: Ball 1-0: Called Strike 1-1: Foul Ball, location: 2F 1-2: Ball 2-2: Foul Ball, location: 2F 2-2: Foul Ball, location: 2F 2-2: Ball 3-2: Strikes out looking
|
Batting: SHB Bob Morales
|
0-0: Ball 1-0: Ball 2-0: Ground out U3 (Groundball, 34, EV 103.1 MPH)
|
Batting: RHB Muneer Maudad
|
0-0: Ball 1-0: Swinging Strike 1-1: Fly out, F9 (Flyball, 89S, EV 87.5 MPH)
|
Bottom of the 1st over - 1 run, 1 hit, 0 errors, 0 left on base; Indianapolis 0 - Gwinnett 1 |
TOP OF THE 2ND |
Indianapolis Indians batting - Pitching for Gwinnett Braves : RHP Ryan DeMille
|
Batting: RHB Alain Marquet
|
0-0: Fly out, F4 (Line Drive, 4M, EV 68.8 MPH)
|
Batting: LHB Jorge Quintana
|
0-0: Ball 1-0: Foul Ball, location: 2F 1-1: Ball 2-1: SINGLE (Groundball, 6S, EV 68.1 MPH) (infield hit)
|
Batting: RHB Richard Barrios
|
0-0: Called Strike Jorge Quintana steals 2nd base (no throw) 0-1: Called Strike 0-2: Ball 1-2: Ball 2-2: Foul Ball, location: 2F 2-2: Foul Ball, location: 2F 2-2: Ground out 6-3 (Groundball, 6, EV 98.8 MPH)
|
Batting: RHB Hugo Zacarias
|
0-0: Ball 1-0: Ball 2-0: Foul Ball, location: 2F 2-1: Foul Ball, location: 2F 2-2: Foul Ball, location: 2F 2-2: Ball 3-2: Foul Ball, location: 2F 3-2: Strikes out swinging
|
Top of the 2nd over - 0 runs, 1 hit, 0 errors, 1 left on base; Indianapolis 0 - Gwinnett 1 |
BOTTOM OF THE 2ND |
Gwinnett Braves batting - Pitching for Indianapolis Indians : RHP Walt Quinn
|
Batting: LHB Mark Buchholz
|
0-0: Called Strike 0-1: Foul Ball, location: 2F 0-2: Ball 1-2: Ball 2-2: Ball 3-2: SINGLE (Line Drive, 7S, EV 92.5 MPH)
|
Batting: LHB Chad Persaud
|
0-0: Fly out, F9 (Flyball, 9, EV 96.2 MPH)
|
Batting: RHB Nate Taylor
|
0-0: Foul Ball, location: 2F 0-1: Ball 1-1: Fly out, F9 (Flyball, 9LS, EV 81.9 MPH)
|
Batting: RHB Edgar Castillo
|
0-0: Called Strike 0-1: Ball Mark Buchholz is caught stealing 2nd base 2-4
|
Bottom of the 2nd over - 0 runs, 1 hit, 0 errors, 0 left on base; Indianapolis 0 - Gwinnett 1 |
TOP OF THE 3RD |
Indianapolis Indians batting - Pitching for Gwinnett Braves : RHP Ryan DeMille
|
Batting: RHB Hector Barajas
|
0-0: Ball 1-0: Ball 2-0: Ball 3-0: Base on Balls
|
Batting: RHB Nick Wicker
|
0-0: Fly out, F8 (Flyball, 8RXD, EV 99.4 MPH)
|
Batting: LHB Alberto Figueroa
|
0-0: Ball 1-0: Ball 2-0: Called Strike 2-1: Foul Ball, location: 2F 2-2: Strikes out swinging
|
Batting: RHB Bubba Tierney
|
0-0: Ball 1-0: Called Strike 1-1: Swinging Strike 1-2: Strikes out looking
|
Top of the 3rd over - 0 runs, 0 hits, 0 errors, 1 left on base; Indianapolis 0 - Gwinnett 1 |
BOTTOM OF THE 3RD |
Gwinnett Braves batting - Pitching for Indianapolis Indians : RHP Walt Quinn
|
Batting: RHB Edgar Castillo
|
0-0: Called Strike 0-1: Called Strike 0-2: Ball 1-2: Foul Ball, location: 2F 1-2: Foul Ball, location: 2F 1-2: Ground out 5-3 (Groundball, 56, EV 102.5 MPH)
|
Batting: SHB Eric Reeser
|
0-0: Called Strike 0-1: Swinging Strike 0-2: Ball 1-2: Ball 2-2: Foul Ball, location: 2F 2-2: Ball 3-2: Ground out 5-3 (Groundball, 56S, EV 92.5 MPH)
|
Batting: RHB Jeremy Giesler
|
0-0: Ground out 6-3 (Groundball, 6, EV 83.1 MPH)
|
Bottom of the 3rd over - 0 runs, 0 hits, 0 errors, 0 left on base; Indianapolis 0 - Gwinnett 1 |
TOP OF THE 4TH |
Indianapolis Indians batting - Pitching for Gwinnett Braves : RHP Ryan DeMille
|
Batting: LHB Edwin Aguilar
|
0-0: SINGLE (Groundball, 34S, EV 70.6 MPH) (infield hit)
|
Batting: RHB Alain Marquet
|
0-0: Ball 1-0: Called Strike 1-1: Ball 2-1: Fly out, F8 (Flyball, 78M, EV 89.4 MPH)
|
Batting: LHB Jorge Quintana
|
0-0: Ball 1-0: Ball 2-0: Swinging Strike 2-1: Ball 3-1: Base on Balls Edwin Aguilar to second
|
Batting: RHB Richard Barrios
|
0-0: Ball 1-0: Ball Edwin Aguilar steals 3rd, throwing error, E2 Edwin Aguilar scores Jorge Quintana to third 2-0: Called Strike 2-1: SINGLE (Line Drive, 34, EV 103.1 MPH) Jorge Quintana scores
|
Batting: RHB Hugo Zacarias
|
0-0: Ball 1-0: Ball Wild Pitch! Richard Barrios to second 2-0: Called Strike 2-1: Ground out 6-3 (Groundball, 6, EV 82.5 MPH) Richard Barrios to third
|
Batting: RHB Hector Barajas
|
0-0: Ball 1-0: Ball 2-0: Ball 3-0: Called Strike 3-1: Base on Balls
|
Batting: RHB Nick Wicker
|
0-0: Foul Ball, location: 2F 0-1: Ball 1-1: Called Strike 1-2: Ball 2-2: Foul Ball, location: 2F 2-2: Ball 3-2: Foul Ball, location: 2F 3-2: Strikes out looking
|
Top of the 4th over - 2 runs, 2 hits, 1 error, 2 left on base; Indianapolis 2 - Gwinnett 1 |
BOTTOM OF THE 4TH |
Gwinnett Braves batting - Pitching for Indianapolis Indians : RHP Walt Quinn
|
Batting: RHB Alex Munoz
|
0-0: Ball 1-0: Ball 2-0: Called Strike 2-1: DOUBLE (Line Drive, 89XD, EV 96.9 MPH)
|
Batting: SHB Bob Morales
|
0-0: Ball 1-0: Called Strike 1-1: Ball 2-1: Foul Ball, location: 2F 2-2: Foul Ball, location: 2F 2-2: DOUBLE (Groundball, 5L, EV 108.1 MPH) Alex Munoz scores
|
Batting: RHB Muneer Maudad
|
0-0: Called Strike 0-1: Ground out 6-3 (Groundball, 6M, EV 104.4 MPH) Bob Morales to third
|
Batting: LHB Mark Buchholz
|
0-0: Ball 1-0: Ball 2-0: Foul Ball, location: 2F 2-1: Called Strike 2-2: Foul Ball, location: 2F 2-2: Hit by Pitch
|
Batting: LHB Chad Persaud
|
0-0: Ball 1-0: Foul Ball, location: 2F 1-1: Fielders Choice at 2nd, 3-6 (Groundball, 3, EV 90.0 MPH) Bob Morales scores
|
Batting: RHB Nate Taylor
|
0-0: Ball Chad Persaud steals 2nd base 1-0: Called Strike 1-1: Ball 2-1: Ground out 5-3 (Groundball, 5, EV 79.4 MPH)
|
Bottom of the 4th over - 2 runs, 2 hits, 0 errors, 1 left on base; Indianapolis 2 - Gwinnett 3 |
TOP OF THE 5TH |
Indianapolis Indians batting - Pitching for Gwinnett Braves : RHP Ryan DeMille
|
Batting: LHB Alberto Figueroa
|
0-0: Called Strike 0-1: Foul Ball, location: 2F 0-2: Foul Ball, location: 2F 0-2: Strikes out swinging
|
Batting: RHB Bubba Tierney
|
0-0: Ball 1-0: Ground out 6-3 (Groundball, 6, EV 111.9 MPH)
|
Batting: LHB Edwin Aguilar
|
0-0: Foul Ball, location: 2F 0-1: Ball 1-1: Swinging Strike 1-2: Foul Ball, location: 2F 1-2: Foul Ball, location: 2F 1-2: Ball 2-2: Fly out, F8 (Flyball, 8RD, EV 92.5 MPH)
|
Top of the 5th over - 0 runs, 0 hits, 0 errors, 0 left on base; Indianapolis 2 - Gwinnett 3 |
BOTTOM OF THE 5TH |
Gwinnett Braves batting - Pitching for Indianapolis Indians : RHP Walt Quinn
|
Batting: RHB Edgar Castillo
|
0-0: Ball 1-0: Foul Ball, location: 2F 1-1: Hit by Pitch
|
Batting: SHB Eric Reeser
|
0-0: Called Strike 0-1: Ball 1-1: Foul Ball, location: 2F 1-2: SINGLE (Groundball, 4D, EV 107.5 MPH) Edgar Castillo to second Runner from 2nd tries for 3rd, SAFE, no throw by CF
|
Batting: RHB Jeremy Giesler
|
0-0: Ball 1-0: Ball 2-0: Ball 3-0: Base on Balls Eric Reeser to second
|
Batting: RHB Alex Munoz
|
0-0: Swinging Strike 0-1: Ball 1-1: Ball 2-1: Called Strike 2-2: Strikes out swinging
|
Batting: SHB Bob Morales
|
0-0: Swinging Strike 0-1: Ball 1-1: Ball 2-1: SINGLE (Groundball, 25, EV 70.0 MPH) (infield hit) Edgar Castillo scores Eric Reeser to third Jeremy Giesler to second
|
Batting: RHB Muneer Maudad
|
0-0: Ball 1-0: Ball 2-0: SINGLE (Groundball, 56D, EV 98.8 MPH) Eric Reeser scores Jeremy Giesler to third Bob Morales to second Runner from 3rd tries for Home, SAFE, throw by LF to home
|
Pitching: RHP Mike Amos
|
|
Batting: LHB Mark Buchholz
|
0-0: Swinging Strike 0-1: Ball 1-1: Swinging Strike 1-2: Ball 2-2: Foul Ball, location: 2F 2-2: Ball 3-2: DOUBLE (Flyball, 7D, EV 105.6 MPH) Bob Morales scores Muneer Maudad to third
|
Batting: LHB Chad Persaud
|
0-0: Swinging Strike Passed Ball! Muneer Maudad scores Mark Buchholz to third 0-1: Swinging Strike 0-2: Fly out, F6 (Popup, 6MS, EV 69.4 MPH)
|
Batting: RHB Nate Taylor
|
0-0: Foul Ball, location: 2F 0-1: Ball 1-1: Fly out, F8 (Flyball, 78D, EV 96.2 MPH)
|
Bottom of the 5th over - 5 runs, 4 hits, 0 errors, 1 left on base; Indianapolis 2 - Gwinnett 8 |
TOP OF THE 6TH |
Indianapolis Indians batting - Pitching for Gwinnett Braves : RHP Ryan DeMille
|
Batting: RHB Alain Marquet
|
0-0: Called Strike 0-1: Called Strike 0-2: Ball 1-2: Ball 2-2: Foul Ball, location: 2F 2-2: Strikes out swinging
|
Batting: LHB Jorge Quintana
|
0-0: Swinging Strike 0-1: Ground out 4-3 (Groundball, 34, EV 96.2 MPH)
|
Batting: RHB Richard Barrios
|
0-0: Ball 1-0: Ball 2-0: Foul Ball, location: 2F 2-1: Ground out 5-3 (Groundball, 56, EV 89.4 MPH)
|
Top of the 6th over - 0 runs, 0 hits, 0 errors, 0 left on base; Indianapolis 2 - Gwinnett 8 |
BOTTOM OF THE 6TH |
Gwinnett Braves batting - Pitching for Indianapolis Indians : RHP Mike Amos
|
Batting: RHB Edgar Castillo
|
0-0: Ball 1-0: Called Strike 1-1: Foul Ball, location: 2F 1-2: Strikes out swinging
|
Batting: SHB Eric Reeser
|
0-0: Called Strike 0-1: Ball 1-1: Ball 2-1: Called Strike 2-2: Ball 3-2: Fly out, F9 (Line Drive, 9LM, EV 100.0 MPH)
|
Batting: RHB Jeremy Giesler
|
0-0: Ball 1-0: Fly out, F8 (Flyball, 8RD, EV 103.1 MPH)
|
Bottom of the 6th over - 0 runs, 0 hits, 0 errors, 0 left on base; Indianapolis 2 - Gwinnett 8 |
TOP OF THE 7TH |
Indianapolis Indians batting - Pitching for Gwinnett Braves : RHP Ryan DeMille
|
Pitching: RHP Steve Dripps
|
|
Batting: RHB Hugo Zacarias
|
0-0: Called Strike 0-1: Ball 1-1: Ball 2-1: Foul Ball, location: 2F 2-2: Ball 3-2: Foul Ball, location: 2F 3-2: Base on Balls
|
Batting: RHB Hector Barajas
|
0-0: Ball Hugo Zacarias steals 2nd base 1-0: Fly out, F7 (Flyball, 78S, EV 91.2 MPH)
|
Batting: RHB Nick Wicker
|
0-0: Called Strike 0-1: Ball 1-1: SINGLE (Groundball, 6MS, EV 67.5 MPH) (infield hit) Hugo Zacarias to third
|
Batting: LHB Alberto Figueroa
|
0-0: Ball Nick Wicker steals 2nd base 1-0: Ball 2-0: Ball 3-0: Base on Balls
|
Batting: RHB Bubba Tierney
|
0-0: Foul Ball, location: 2F 0-1: Swinging Strike 0-2: Strikes out swinging
|
Batting: LHB Edwin Aguilar
|
0-0: Foul Ball, location: 2F 0-1: Ball 1-1: Ball 2-1: DOUBLE (Line Drive, 89D, EV 101.9 MPH) Hugo Zacarias scores Nick Wicker scores Alberto Figueroa to third Runner from 3rd tries for Home, SAFE, throw by RF to trailing runner, SAFE at third!
|
Pitching: RHP Larry Stegall
|
|
Batting: RHB Alain Marquet
|
0-0: Called Strike 0-1: Called Strike 0-2: Strikes out looking
|
Top of the 7th over - 3 runs, 2 hits, 0 errors, 1 left on base; Indianapolis 5 - Gwinnett 8 |
BOTTOM OF THE 7TH |
Gwinnett Braves batting - Pitching for Indianapolis Indians : RHP Mike Amos
|
Pitching: LHP Phil DeCamp
|
|
Batting: RHB Alex Munoz
|
0-0: Ball 1-0: Ball 2-0: Ball 3-0: Base on Balls
|
Batting: SHB Bob Morales
|
0-0: Ball 1-0: Called Strike 1-1: SINGLE (Groundball, 56D, EV 110.6 MPH) Alex Munoz to second
|
Batting: RHB Muneer Maudad
|
0-0: Ball 1-0: Fly out, F8 (Flyball, 8RD, EV 98.8 MPH)
|
Batting: LHB Mark Buchholz
|
0-0: Grounds into double play, 6-4-3 (Groundball, 6M, EV 111.9 MPH)
|
Bottom of the 7th over - 0 runs, 1 hit, 0 errors, 1 left on base; Indianapolis 5 - Gwinnett 8 |
TOP OF THE 8TH |
Indianapolis Indians batting - Pitching for Gwinnett Braves : RHP Larry Stegall
|
Now at 3B: Mike Manchester
|
|
Batting: LHB Jorge Quintana
|
0-0: Ball 1-0: Ball 2-0: Called Strike 2-1: Ball 3-1: Ground out U3 (Groundball, 3, EV 107.5 MPH)
|
Batting: RHB Richard Barrios
|
0-0: Ball 1-0: Ground out U3 (Groundball, 3, EV 85.0 MPH)
|
Batting: RHB Hugo Zacarias
|
0-0: Ball 1-0: Fly out, F8 (Flyball, 8LM, EV 83.1 MPH)
|
Top of the 8th over - 0 runs, 0 hits, 0 errors, 0 left on base; Indianapolis 5 - Gwinnett 8 |
BOTTOM OF THE 8TH |
Gwinnett Braves batting - Pitching for Indianapolis Indians : LHP Phil DeCamp
|
Batting: LHB Chad Persaud
|
0-0: Ball 1-0: SOLO HOME RUN (Flyball, 9LD, EV 93.8 MPH), Distance : 340 ft
|
Batting: RHB Nate Taylor
|
0-0: Foul Ball, location: 2F 0-1: Ground out 5-3 (Groundball, 5, EV 87.5 MPH)
|
Batting: RHB Edgar Castillo
|
0-0: Ball 1-0: Ball 2-0: Called Strike 2-1: DOUBLE (Line Drive, 7LS, EV 99.4 MPH)
|
Batting: SHB Eric Reeser
|
0-0: Ball 1-0: Ground out 5-3 (Groundball, 56, EV 100.6 MPH)
|
Batting: RHB Jeremy Giesler
|
0-0: Ball 1-0: Fly out, F4 (Popup, 4, EV 66.9 MPH)
|
Bottom of the 8th over - 1 run, 2 hits, 0 errors, 1 left on base; Indianapolis 5 - Gwinnett 9 |
TOP OF THE 9TH |
Indianapolis Indians batting - Pitching for Gwinnett Braves : RHP Larry Stegall
|
Batting: RHB Hector Barajas
|
0-0: Ball 1-0: Ball 2-0: SINGLE (Flyball, 7LS, EV 89.4 MPH)
|
Batting: RHB Nick Wicker
|
0-0: Ball 1-0: Fielders Choice at 2nd, 6-4 (Groundball, 56, EV 102.5 MPH)
|
Batting: LHB Alberto Figueroa
|
0-0: Called Strike 0-1: Ball 1-1: Swinging Strike 1-2: Strikes out swinging
|
Batting: RHB Bubba Tierney
|
0-0: Ball 1-0: Ball 2-0: Fly out, F7 (Flyball, 7, EV 91.9 MPH)
|
Top of the 9th over - 0 runs, 1 hit, 0 errors, 1 left on base; Indianapolis 5 - Gwinnett 9 |
|